 Dungeon Crawl Stone Soup version 0.32-a0-540-g866d13106e (webtiles) character file.

Game seed: 4563167616691548364

123 warriortoast the Digger (level 5, -4/29 HPs)
             Began as a Gargoyle Earth Elementalist on Feb 28, 2024.
             Killed from afar by Ijyb (8 damage)
             ... with an iceblast
             ... on level 3 of the Dungeon.
             The game lasted 00:04:33 (2232 turns).

warriortoast the Digger (GrEE)                      Turns: 2232, Time: 00:04:33

Health: -4/29      AC:  6    Str: 12    XL:     5   Next: 7%
Magic:  2/9        EV: 12    Int: 15    God:
Gold:   122        SH:  0    Dex: 12    Spells: 5/9 levels left

rFire   . . .        q - +1 mace (protect)
rCold   . . .        (no shield)
rNeg    + . .        a - +0 robe
rPois   ∞            (no helmet)
rElec   +            (no cloak)
rCorr   .            (no gloves)
SInv    .            (no boots)
Will    .....        (no amulet)
Stlth   ++           (no ring)
HPRegen 0.24/turn    (no ring)
MPRegen 0.11/turn

%: no passive effects
@: no status effects
A: sickness immunity, AC +4, negative energy resistance 1, electricity
resistance, torment resistance 1, petrification resistance
a: no special abilities


You were on level 3 of the Dungeon.
You visited 1 branch of the dungeon, and saw 3 of its levels.

You collected 122 gold pieces.

Inventory:

Hand Weapons
 e - a +0 club
 i - a +0 flail
 q - a +1 mace of protection (weapon)
Missiles
 k - a throwing net
Armour
 a - a +0 robe (worn)
Jewellery
 d - a ring of resist corrosion
Talismans
 l - a maw talisman
Scrolls
 c - 2 scrolls of identify {unknown}
 f - 3 scrolls of teleportation {unknown}
 h - a scroll of fog {unknown}
 n - a scroll of silence {unknown}
 p - a scroll of noise {unknown}
Potions
 b - a potion of magic
 g - a potion of heal wounds {unknown}
 j - a potion of lignification {unknown}
 m - a potion of invisibility {unknown}
 o - a potion of curing {unknown}


   Skills:
 + Level 1.2 Fighting
 + Level 1.1 Maces & Flails
 - Level 1.9 Dodging
 - Level 2.7 Stealth
 + Level 2.7 Spellcasting
 + Level 2.4 Conjurations
 + Level 4.4 Earth Magic


You had 5 spell levels left.
You knew the following spells:

 Your Spells              Type           Power      Damage    Failure   Level
a - Sandblast             Erth           30%        2d9       3%          1
b - Stone Arrow           Conj/Erth      24%        3d8       16%         3

Your spell library contained the following spells:

 Spells                   Type           Power      Damage    Failure   Level
 Passwall                 Erth           15%        N/A       10%         3
 Brom's Barrelling Bould  Conj/Erth      12%        2d4       45%         4
 Petrify                  Alch/Erth      8%         N/A       63%         4


Dungeon Overview and Level Annotations

Branches:
Dungeon (3/15)

Altars:

Shops:
D:1 (

Annotations:
D:3 Ijyb


Innate Abilities, Weirdness & Mutations

You are immune to sickness and miasma.
Your stone body is resilient. (AC +4)
You are immune to poison.
You resist negative energy. (rN+)
You are resistant to electric shocks. (rElec)
You are resistant to unholy torment.
You are immune to petrification.


Message History

Your magical contamination has completely faded away.
An orc comes into view. It is wielding a +1 mace of protection.
The blast of sand hits the orc but does no damage.
The blast of sand hits the orc.
The orc is moderately wounded.
The orc hits you with a +1 mace of protection.
The blast of sand misses the orc.
The orc hits you with a +1 mace of protection. x2
The blast of sand hits the orc.
The orc is heavily wounded.
The orc hits you with a +1 mace of protection.
You are out of magic!
You are out of magic!
You closely miss the orc.
The orc is heavily wounded.
The orc barely misses you.
You hit the orc.
The orc is severely wounded.
The orc hits you but does no damage.
The orc hits you with a +1 mace of protection.
You hit the orc but do no damage.
The orc is heavily wounded.
The orc hits you with a +1 mace of protection.
You sock the orc!
You kill the orc!
Found a stone staircase leading up.
Items here: ))) [[ ††.
q - a +1 mace of protection
Okay, then.
Your +1 mace of protection hums with potential!
q - a +1 mace of protection (weapon)
Ijyb the Inquisitive comes into view.
She is wielding a +0 club and carrying a wand of iceblast.
Ijyb is nearby!
Items here: )) [[ ††.
Ijyb screams, "You look like good test subject!"
Ijyb zaps a wand.
The mass of ice explodes!
The iceblast engulfs you!
* * * LOW HITPOINT WARNING * * *
Ijyb zaps a wand.
The mass of ice explodes!
The iceblast engulfs you!
You die...
Ijyb screams, "Time for next experiment!"

# # #. #..# ....##.###..#
######### ### . #...........#
###.......# #.. .##>#.##..#...#
#.........# #.# ..............#
#.#..##...####.#
....#..g...g.#####.#..#..........
.......##.##.....#.#.....(.####.#
$.....###.##.......#.......# ##.#
#..g.[...##..##@#.##.##..## #...
#..)#######..............# #.#.
#... #...#.#.###########.#. #...
#...#.#.# #...†. #..#
##<...#.#########.#... #..
#...##.##.....##.###. ...
#.#.##.##.....##.##.. ....
#.#.##........##.##.#
###.#####.....##.##.#


You could see Ijyb.

Vanquished Creatures
  An orc wizard (D:3)
  A gnoll (D:1)
  2 adders (D:2)
  A ribbon worm (D:2)
  7 orcs (D:3)
  2 ball pythons
  7 bats
  3 endoplasms
  6 giant cockroaches
  5 goblins
  2 hobgoblins (D:1)
  9 jackals
  7 frilled lizards
  3 kobolds (D:1)
  2 rats
58 creatures vanquished.

Notes
Turn   | Place    | Note
-------+----------+-------------------------------------------
     0 | D:1      | warriortoast the Gargoyle Earth Elementalist began the
                  | quest for the Orb.
     0 | D:1      | Reached XP level 1. HP: 10/10 MP: 3/3
   183 | D:1      | Found Muar's Weapon Shoppe.
   218 | D:1      | Reached XP level 2. HP: 15/15 MP: 1/5
   643 | D:1      | Reached XP level 3. HP: 19/19 MP: 0/6
   705 | D:1      | Reached skill level 4 in Earth Magic
  1360 | D:2      | Reached XP level 4. HP: 24/24 MP: 5/7
  1366 | D:2      | Learned a level 3 spell: Stone Arrow
  1965 | D:3      | Found a faded altar of an unknown god.
  2189 | D:3      | Reached skill level 1 in Fighting
  2193 | D:3      | Reached skill level 1 in Maces & Flails
  2193 | D:3      | Reached XP level 5. HP: 29/29 MP: 1/9
  2219 | D:3      | Noticed Ijyb
  2232 | D:3      | Killed from afar by Ijyb

Illustrated notes

Levels and vault maps discovered:
D:1:      scummos_arrival_star, layout_basic, serial_shops, shop
D:2:      layout_basic, grunt_ministairs_7
D:3:      kennysheep_the_goblin_king, layout_loops_cross,
          ebering_ecumenical_altar_mist, uniq_sigmund

Skill      XL: |  1  2  3  4 |
---------------+-------------+-----
Earth Magic    | 4 |  4.4
Conjurations   | 2 |  2.4
Fighting       | 1 |  1.2
Maces & Flails | 1 |  1.1
Dodging        | |  1.9
Stealth        | |  2.7
Spellcasting   | |  2.7

Action                     |  1- 3 |  4- 6 || total
---------------------------+-------+-------++-------
  Melee: Club              |     7 |       ||     7
         Unarmed           |     6 |       ||     6
         Flail             |    13 |     4 ||    17
   Cast: Sandblast         |    54 |    31 ||    85
 Armour: Robe              |    39 |    15 ||    54
  Dodge: Dodged            |    52 |    10 ||    62

Table legend: (Time is in decaauts)
 A = Elapsed time spent in this place.
 B = Non-inter-level travel time spent in this place.
 C = Inter-level travel time spent in this place.
 D = Time resting spent in this place.
 E = Time spent auto-exploring this place.
 F = Levels seen in this place.
 G = Mean time per level.
                   A        B        C        D        E       F      G
               +--------+--------+--------+--------+--------+-----+--------+
         Total |   2281 |   2225 |     56 |     82 |   1746 |   3 |  760.3 |
       Dungeon |   2281 |   2225 |     56 |     82 |   1746 |   3 |  760.3 |
               +--------+--------+--------+--------+--------+-----+--------+

Top non-repeatable levels by time:
     D:1: 1083 daAuts
     D:2: 851 daAuts
     D:3: 346 daAuts
